AoeStats
← Hemingway

Hideout

509682056Analyzed
1v1 RM · 6d ago on Sep 27, 2026· 92m 49s· 2 players
Game mode
Random Map
Map size
Tiny (2 player)
Population
200
Speed
Normal
Resources
Standard
Victory
Conquest
Starting age
Dark Age
Ending age
Imperial Age
RankedLock teamsTeams togetherTeam positionsShared explorationLock speedFull tech treeHidden civsTurbo modeCheats
Victory
Defeat
🇬🇧 Inca · United Kingdom
1372
+17
🇧🇷 Burgundians · Brazil
1402
-17
Hemingway
7:43 Feudal Age
7:21 Loom
10:18 Double-Bit Axe
13:04 Champi Runner
23:11 Castle Age
21:48 Scale Mail Armor
22:19 Horse Collar
24:02 Bow Saw
23:44 Arson
24:51 Chain Mail Armor
25:11 Town Watch
30:47 Heavy Plow
32:53 Squires
33:24 Sanctity
38:14 Imperial Age
38:39 Forging
39:29 Plate Mail Armor
40:13 Wheelbarrow
41:30 Wheelbarrow
42:50 Fletching
43:01 Padded Archer Armor
43:31 Bodkin Arrow
43:00 Elite Skirmisher
44:32 Leather Archer Armor
45:06 Hand Cart
45:08 Bracer
46:16 Ring Archer Armor
46:16 Block Printing
48:29 Conscription
47:59 Capped Ram
49:03 Masonry
49:34 Ballistics
49:18 Arson
50:31 Iron Casting
51:08 Chemistry
50:51 Fortified Wall
50:57 Fabric Shields
51:18 Siege Engineers
52:05 Andean Sling
56:56 Hoardings
56:29 Town Patrol
57:10 Fabric Shields
56:56 Siege Ram
57:43 Guard Tower
65:58 Treadmill Crane
67:09 Murder Holes
69:21 Keep
68:40 Elite Kamayuk
87:01 Crop Rotation
Hinoa
4:10 Double-Bit Axe
6:02 Loom
7:04 Loom
9:42 Feudal Age
13:12 Fletching
16:43 Gold Mining
22:37 Castle Age
23:41 Wheelbarrow
23:42 Bow Saw
27:41 Gold Mining
34:43 Imperial Age
36:29 Chemistry
44:15 Scale Barding Armor
44:10 Padded Archer Armor
44:53 Padded Archer Armor
45:45 Burgundian Vineyards
46:11 Light Cavalry
46:53 Town Watch
47:43 Hussar
49:03 Chain Barding Armor
49:22 Horse Collar
51:01 Plate Barding Armor
50:36 Forging
56:24 Leather Archer Armor
56:45 Iron Casting
56:39 Hand Cart
56:27 Heavy Plow
57:30 Husbandry
58:17 Crop Rotation
64:57 Two-Man Saw
75:55 Blast Furnace
79:30 Elite Skirmisher
81:02 Bodkin Arrow
82:09 Bracer
86:58 Fortified Wall
90:15 Hoardings
Connection lost

Rejoining the realm…

Still unreachable

The connection could not be restored.

Session expired

The server has moved on; the page needs a fresh start.